 Dungeon Crawl Stone Soup version 0.31-a0-542-gdc2a67831c (webtiles) character file.

Game seed: 18326717792960424377

5410 Gargoyl the Cleaver (level 10, -2/96 HPs)
             Began as a Gargoyle Berserker on Aug 14, 2023.
             Was a High Priest of Trog.
             Slain by a two-headed ogre
             ... wielding a +0 giant spiked club
              (21 damage)
             ... on level 11 of the Dungeon.
             The game lasted 00:10:06 (6360 turns).

Gargoyl the Cleaver (Gargoyle Berserker)            Turns: 6360, Time: 00:10:07

Health: -2/96      AC: 19    Str: 22    XL:     10   Next: 67%
Magic:  10/10      EV: 10    Int:  7    God:    Trog [*****.]
Gold:   334        SH:  0    Dex: 13    Spells: 9/9 levels left

rFire   . . .        w - +3 hand axe (venom)
rCold   . . .        (no shield)
rNeg    + + .        p - +0 chain mail
rPois   ∞            (no helmet)
rElec   +            (no cloak)
rCorr   .            (no gloves)
SInv    .            A - +0 pair of boots
Will    .....        u - amulet of the acrobat Stlth
                     b - ring of positive energy
HPRegen 0.36/turn    z - +4 ring of slaying
MPRegen 0.12/turn

%: acrobat
@: berserking, very quick
A: sickness immunity, AC +7, negative energy resistance 1, electricity
resistance, torment resistance 1, petrification resistance
a: Renounce Religion, Berserk, Trog's Hand, Brothers in Arms


You were on level 11 of the Dungeon.
You worshipped Trog.
Trog was extremely pleased with you.
You visited 1 branch of the dungeon, and saw 9 of its levels.
You also visited: Sewer and Ossuary.

You collected 334 gold pieces.

Inventory:

Hand Weapons
 a - a +1 hand axe of flaming
 w - a +3 hand axe of venom (weapon)
Armour
 p - a +0 chain mail (worn)
 A - a +0 pair of boots (worn)
Jewellery
 b - a ring of positive energy (left hand)
 u - an amulet of the acrobat (around neck)
 z - a +4 ring of slaying (right hand)
Wands
 d - a wand of quicksilver (4)
 v - a wand of digging (6)
Scrolls
 c - a scroll of poison {unknown}
 e - a scroll of enchant armour
 g - a scroll of fear
 l - a scroll of brand weapon
 m - 3 scrolls of teleportation
 o - a scroll of enchant weapon
 q - a scroll of fog
 x - a scroll of identify
Potions
 f - a potion of mutation
 h - 3 potions of enlightenment
 i - 2 potions of haste
 j - 2 potions of lignification
 k - 2 potions of resistance
 n - 4 potions of heal wounds
 r - 3 potions of curing {unknown}
 s - a potion of magic {unknown}
 t - a potion of invisibility


   Skills:
 + Level 7.8 Fighting
 + Level 10.3 Axes
 + Level 8.6 Armour
 + Level 4.3 Dodging
 + Level 0.9 Stealth


You had 9 spell levels left.
You didn't know any spells.
Your spell library was empty.

Dungeon Overview and Level Annotations

Branches:
Dungeon (11/15)            Temple (0/1) D:7            Lair (0/5) D:11
  Sewer (visited)         Ossuary (visited)
    Orc: D:9-12

Altars:
Ashenzari
Elyvilon
Nemelex Xobeh

Portals:
Abyss: D:5


Innate Abilities, Weirdness & Mutations

You are immune to sickness and miasma.
Your stone body is resilient. (AC +7)
You are immune to poison.
You resist negative energy. (rN+)
You are resistant to electric shocks. (rElec)
You are resistant to unholy torment.
You are immune to petrification.


Message History

You hit the black bear.
You kill the black bear!
Trog accepts your kill.
You hit the shadow. The shadow closely misses you.
You barely miss the two-headed ogre. You hit the shadow. The shadow hits you.
The two-headed ogre hits you with a +0 giant spiked club!
The two-headed ogre hits you with a +0 dire flail.
Unknown command.
You slash the two-headed ogre!
The two-headed ogre is poisoned.
You punch the two-headed ogre.
The two-headed ogre is moderately wounded.
You hit the shadow but do no damage. You hit the two-headed ogre.
The two-headed ogre looks as sick as possible!
The two-headed ogre is moderately wounded.
You barely miss the shadow. The shadow closely misses you.
The two-headed ogre closely misses you. The two-headed ogre barely misses you.
Unknown command.
You hit the two-headed ogre.
The two-headed ogre looks as sick as possible!
The two-headed ogre is heavily wounded.
You closely miss the shadow. The shadow hits you.
Unknown command.
A red film seems to cover your vision as you go berserk!
You feel yourself moving faster!
You feel mighty!
The two-headed ogre hits you with a +0 giant spiked club!!
The two-headed ogre hits you with a +0 dire flail!
* * * LOW HITPOINT WARNING * * *
The shadow hits you.
You slash the two-headed ogre!
The two-headed ogre is severely wounded.
You slash the shadow! The shadow hits you.
Unknown command.
You slash the two-headed ogre!
The two-headed ogre is almost dead.
You slash the shadow!
You destroy the shadow!
Trog accepts your kill.
The two-headed ogre hits you with a +0 giant spiked club!!
You die...

...P....P> ......... ..
....P..P. .... ........P
.....######..P.....
........<....P...P..
............†††T.P...
............[@O......
+###...............P....
...#.:..................
...#...............#....
...#........†......# ...
...#.......[.......# ..
...#...............# #
...#......##########
...#......#


You could see a two-headed ogre (extremely poisoned) and a troll.

Vanquished Creatures
  Joseph (D:7)
  A gargoyle (D:11)
  A kobold demonologist (D:11)
  An unseen horror (D:11)
  A shadow (D:11)
  2 yaks (D:11)
  A steam dragon (D:7)
  A small abomination (D:5)
  An acid dragon (D:11)
  3 orc warriors
  A sky beast (D:6)
  2 black bears (D:11)
  5 ogres
  3 centaurs
  7 bullfrogs
  A scorpion (D:4)
  4 water moccasin zombies (Ossuary)
  4 wights (D:8)
  4 hounds
  5 orc priests
  2 jellies
  4 iguanas
  A sleepcap (D:7)
  7 orc wizards
  2 mummies (Ossuary)
  8 gnolls
  8 adders
  13 river rats
  4 shadow imps
  3 white imps
  2 ufetubi
  3 adder zombies (Ossuary)
  A worm (D:2)
  3 dart slugs
  21 orcs
  7 endoplasms
  2 giant cockroaches
  6 goblins
  3 hobgoblins
  9 jackals
  4 kobolds
  A quokka (D:5)
  16 ball pythons
  3 bats
  6 frilled lizards
  A gnoll zombie (Ossuary)
  7 hobgoblin zombies (Ossuary)
  7 kobold zombies (Ossuary)
  5 orc zombies (Ossuary)
  25 rats
233 creatures vanquished.

Vanquished Creatures (collateral kills)
  The ghost of Nr616 the Insei, a novice MfSh of Okawaru (D:5)
  A small abomination (D:5)
  A kobold (D:5)
3 creatures vanquished.

Grand Total: 236 creatures vanquished

Notes
Turn   | Place    | Note
-------+----------+-------------------------------------------
     0 | D:1      | Gargoyl the Gargoyle Berserker began the quest for the Orb.
     0 | D:1      | Reached XP level 1. HP: 14/14 MP: 1/1
    45 | D:1      | Reached skill level 3 in Axes
    45 | D:1      | Reached XP level 2. HP: 18/19 MP: 2/2
   260 | D:1      | Reached XP level 3. HP: 24/24 MP: 3/3
  1192 | D:3      | Reached ** piety under Trog
  1267 | D:3      | Reached XP level 4. HP: 29/29 MP: 4/4
  1322 | D:3      | Found a glowing drain.
  1337 | Sewer    | Entered a sewer
  1506 | Sewer    | HP: 1/43 [river rat (4)]
  1508 | Sewer    | Reached XP level 5. HP: 1/33 MP: 5/5
  1509 | Sewer    | Reached skill level 4 in Axes
  1727 | Sewer    | Found the +2 ratskin cloak {*Rats rPois rN+ Str-1 Int-1
                  | Dex+1}
  1783 | Sewer    | Reached *** piety under Trog
  1836 | Sewer    | Reached XP level 6. HP: 39/39 MP: 6/6
  2513 | D:4      | Reached XP level 7. HP: 31/44 MP: 7/7
  2569 | D:4      | Reached skill level 5 in Axes
  3002 | D:4      | Found a sand-covered staircase.
  3025 | Ossuary  | Entered an ossuary
  3142 | Ossuary  | Reached skill level 5 in Armour
  3157 | Ossuary  | Reached skill level 5 in Fighting
  3157 | Ossuary  | Reached skill level 6 in Axes
  3157 | Ossuary  | Reached XP level 8. HP: 35/49 MP: 5/8
  3243 | Ossuary  | Reached **** piety under Trog
  3802 | D:5      | Entered Level 5 of the Dungeon
  3821 | D:5      | Found the +7 Throatcutter {drain, coup de grace}
  3927 | D:5      | Found a sparkling altar of Nemelex Xobeh.
  3964 | D:5      | Found a transporter.
  3982 | D:5      | Noticed Nr616's ghost (novice MfSh)
  4126 | D:5      | Found a one-way gate to the infinite horrors of the Abyss.
  4127 | D:5      | Found a transporter.
  4295 | D:5      | Reached skill level 7 in Axes
  4493 | D:5      | Killed Nr616's ghost
  4494 | D:5      | Reached XP level 9. HP: 55/55 MP: 9/9
  4609 | D:6      | Reached skill level 8 in Axes
  5086 | D:7      | Found a white marble altar of Elyvilon.
  5153 | D:7      | Noticed Joseph
  5174 | D:7      | Killed Joseph
  5175 | D:7      | Reached skill level 9 in Axes
  5334 | D:7      | Found a staircase to the Ecumenical Temple.
  5596 | D:8      | Reached XP level 10. HP: 52/61 MP: 10/10
  5604 | D:8      | Reached ***** piety under Trog
  5997 | D:8      | Found a broken altar of Ashenzari.
  6003 | D:8      | You fall into a shaft and drop 3 floors!
  6011 | D:11     | Noticed a gargoyle
  6023 | D:11     | Killed a gargoyle
  6041 | D:11     | Killed an unseen horror
  6294 | D:11     | Noticed a kobold demonologist
  6299 | D:11     | Noticed a rust devil
  6304 | D:11     | Killed a kobold demonologist
  6305 | D:11     | Reached skill level 10 in Axes
  6339 | D:11     | Found a staircase to the Lair.
  6345 | D:11     | Noticed a two-headed ogre
  6360 | D:11     | Slain by a two-headed ogre

Illustrated notes

Levels and vault maps discovered:
D:1:      kennysheep_arrival_forest, layout_rooms
D:2:      layout_basic
D:3:      layout_loops_cross, portal_sewer_entry_a
D:4:      layout_layer_cave, nicolae_ossuary_entry_monument
D:5:      layout_basic, mainiacjoe_overflow_brackets,
          gammafunk_ghost_abyssal_escape
D:6:      layout_rooms, serial_bayou_ford_a
D:7:      layout_rooms, kennysheep_little_box, minmay_temple_entry_ruins,
          sigmund_army, uniq_joseph
D:8:      layout_loops_cross, bloody_trog, general_overflow_altar,
          grunt_temple_overflow_open
D:11:     layout_gridville, due_lair_maze_entry_diamond, minmay_misc_feat_rows,
          minivault_12, uniq_grum

Skill      XL: |  1  2  3  4  5  6  7  8  9 10 |
---------------+-------------------------------+-----
Axes           | 3 4 6 7 9 10 | 10.3
Fighting       | 4 5 6 7 |  7.8
Dodging        | 2 3 4 |  4.3
Armour         | 3 4 5 6 7 8 |  8.6
Stealth        | |  0.9

Action                     |  1- 3 |  4- 6 |  7- 9 | 10-12 || total
---------------------------+-------+-------+-------+-------++-------
  Melee: Hand axe          |   119 |   159 |   320 |    64 ||   662
         Punch             |     1 |     1 |     3 |     3 ||     8
 Invoke: Berserk           |     1 |     4 |     7 |     2 ||    14
         Trog's Hand       |       |       |     3 |       ||     3
         Brothers in Arms  |       |       |     1 |     1 ||     2
    Use: Scroll            |     8 |     3 |    13 |       ||    24
 Armour: Animal skin       |    10 |       |       |       ||    10
         Ring mail         |    42 |   119 |       |       ||   161
         Chain mail        |       |    11 |   224 |    62 ||   297
  Dodge: Dodged            |    71 |   179 |   192 |    51 ||   493

Table legend: (Time is in decaauts)
 A = Elapsed time spent in this place.
 B = Non-inter-level travel time spent in this place.
 C = Inter-level travel time spent in this place.
 D = Time resting spent in this place.
 E = Time spent auto-exploring this place.
 F = Levels seen in this place.
 G = Mean time per level.
                   A        B        C        D        E       F      G
               +--------+--------+--------+--------+--------+-----+--------+
         Total |   6534 |   6351 |    183 |    432 |   4146 |  11 |  594.0 |
       Dungeon |   5470 |   5287 |    183 |    237 |   3713 |   9 |  607.8 |
         Sewer |    721 |    721 |      0 |    148 |    300 |   1 |  721.0 |
       Ossuary |    342 |    342 |      0 |     46 |    132 |   1 |  342.0 |
               +--------+--------+--------+--------+--------+-----+--------+

Top non-repeatable levels by time:
     D:4: 1011 daAuts
     D:5: 777 daAuts
     D:3: 732 daAuts
   Sewer: 721 daAuts
     D:2: 681 daAuts
     D:7: 572 daAuts
     D:1: 490 daAuts
     D:6: 443 daAuts
     D:8: 407 daAuts
    D:11: 353 daAuts
 Ossuary: 342 daAuts
